 Dungeon Crawl Stone Soup version 0.21-a0-437-ge5bf024 (webtiles) character file.

186 DocClef the Shield-Bearer (level 5, -5/47 HPs)
             Began as a Gnoll Fighter on Nov 9, 2017.
             Slain by a gnoll
             ... wielding a +0 halberd
              (8 damage)
             ... on level 3 of the Dungeon.
             The game lasted 00:02:34 (1849 turns).

DocClef the Shield-Bearer (Gnoll Fighter)           Turns: 1849, Time: 00:02:34

Health: -5/47      AC:  9    Str: 19    XL:     5   Next: 65%
Magic:  7/7        EV:  9    Int: 10    God:
Gold:   136        SH: 11    Dex: 15    Spells: 7/7 levels left

rFire    . . .     SeeInvis .   a - +0 flail
rCold    . . .     Gourm    .   c - +0 shield
rNeg     . . .     Faith    .   b - +0 scale mail
rPois    .         Spirit   .   i - +0 helmet
rElec    .         Reflect  .   (no cloak)
rCorr    .         Harm     .   (no gloves)
MR       .....                  (no boots)
Stlth    +.........             n - amulet of rage
HPRegen  0.15/turn              (no ring)
MPRegen  0.10/turn              (no ring)

@: no status effects
A: distributed training, fangs 1, strong nose
a: Evoke Berserk Rage


You were on level 3 of the Dungeon.
You were not hungry.

You visited 1 branch of the dungeon, and saw 3 of its levels.

You collected 136 gold pieces.

Inventory:

Hand Weapons
 a - a +0 flail (weapon)
Armour
 b - a +0 scale mail (worn)
 c - a +0 shield (worn)
 i - a +0 helmet (worn)
Jewellery
 n - an amulet of rage (around neck)
Scrolls
 e - a scroll of identify {unknown}
 j - 2 scrolls of recharging {unknown}
 k - a scroll of blinking {unknown}
 m - a scroll of noise {unknown}
 p - a scroll of teleportation {unknown}
 r - a scroll of random uselessness {unknown}
 s - a scroll of enchant weapon {unknown}
Potions
 d - a potion of might
 h - 3 potions of haste {unknown}
 l - a potion of mutation {unknown}
 q - a potion of brilliance {unknown}
Comestibles
 f - 6 bread rations
 g - 3 meat rations
 o - 3 fruits


   Skills:
 + Level 6.7 Fighting
 + Level 1.5 Short Blades
 + Level 1.5 Long Blades
 + Level 1.5 Axes
 + Level 4.8 Maces & Flails
 + Level 1.5 Polearms
 + Level 1.5 Staves
 + Level 1.5 Slings
 + Level 1.5 Bows
 + Level 1.5 Crossbows
 + Level 1.5 Throwing
 + Level 6.7 Armour
 + Level 1.5 Dodging
 + Level 1.5 Stealth
 + Level 6.7 Shields
 + Level 1.5 Unarmed Combat
 + Level 1.5 Spellcasting
 + Level 1.2 Conjurations
 + Level 1.2 Hexes
 + Level 1.2 Charms
 + Level 1.2 Summonings
 + Level 1.2 Necromancy
 + Level 1.2 Translocations
 + Level 1.2 Transmutations
 + Level 1.2 Fire Magic
 + Level 1.2 Ice Magic
 + Level 1.2 Air Magic
 + Level 1.2 Earth Magic
 + Level 1.2 Poison Magic
 + Level 1.7 Invocations
 + Level 1.5 Evocations


You had 7 spell levels left.
You didn't know any spells.

Dungeon Overview and Level Annotations

Branches:
Dungeon (3/15)

Altars:


Innate Abilities, Weirdness & Mutations

Your experience applies equally to all skills.
You have very sharp teeth.
Your uncanny sense of smell can sniff out nearby items.


Message History

The gnoll hits you with a halberd.
You are too injured to fight recklessly!
You are too injured to fight recklessly!
You are too injured to fight recklessly!
You are too injured to fight recklessly!
You are too injured to fight recklessly!
You are too injured to fight recklessly!
You are too injured to fight recklessly!
You are too injured to fight recklessly!
You are too injured to fight recklessly!
You are too injured to fight recklessly!
You are too injured to fight recklessly!
You hit the gnoll. You bite the gnoll.
The gnoll is severely wounded.
You block the gnoll's attack. The gnoll hits you with a halberd!
* * * LOW HITPOINT WARNING * * *
You closely miss the gnoll.
The gnoll is severely wounded.
The gnoll hits you but does no damage. The gnoll hits you with a halberd!
You die...

......##..#.#...
.#.#........#.##
.#.#............
............#.#
.#..........#.#
............#.# .
.##..#.....÷#.# ...
..............######.....
........####).gg@........
.....##.# #..#######.....
..... #. #..# ... .##. ..
....# . .# ###..# .# #..#
... .... ... ∆ .... ...


You could see 2 gnolls.

Vanquished Creatures
  A bullfrog (D:3)
  3 adders
  2 gnolls (D:3)
  An ooze (D:2)
  A worm (D:3)
  2 leopard geckos (D:1)
  5 orcs (D:3)
  2 giant cockroaches (D:3)
  5 goblins
  8 hobgoblins
  8 jackals
  7 bats
  A frilled lizard (D:3)
  10 kobolds
  7 rats
63 creatures vanquished.

Vanquished Creatures (others)
  A plant (D:1)
1 creature vanquished.

Grand Total: 64 creatures vanquished

Notes
Turn   | Place    | Note
-------+----------+-------------------------------------------
     0 | D:1      | DocClef the Gnoll Fighter began the quest for the Orb.
     0 | D:1      | Reached XP level 1. HP: 23/23 MP: 1/1
    77 | D:1      | Reached XP level 2. HP: 28/29 MP: 2/2
   479 | D:1      | Reached XP level 3. HP: 35/35 MP: 3/3
  1158 | D:2      | Reached skill level 1 in Invocations
  1362 | D:2      | Reached skill level 1 in Short Blades
  1362 | D:2      | Reached skill level 1 in Long Blades
  1362 | D:2      | Reached skill level 1 in Axes
  1362 | D:2      | Reached skill level 1 in Polearms
  1362 | D:2      | Reached skill level 1 in Staves
  1362 | D:2      | Reached skill level 1 in Slings
  1362 | D:2      | Reached skill level 1 in Bows
  1362 | D:2      | Reached skill level 1 in Crossbows
  1362 | D:2      | Reached skill level 1 in Throwing
  1362 | D:2      | Reached skill level 1 in Dodging
  1362 | D:2      | Reached skill level 1 in Stealth
  1362 | D:2      | Reached skill level 1 in Unarmed Combat
  1362 | D:2      | Reached skill level 1 in Spellcasting
  1362 | D:2      | Reached skill level 1 in Evocations
  1426 | D:2      | Reached XP level 4. HP: 41/41 MP: 5/5
  1680 | D:3      | Noticed a bullfrog
  1685 | D:3      | Killed a bullfrog
  1685 | D:3      | Reached skill level 1 in Conjurations
  1685 | D:3      | Reached skill level 1 in Hexes
  1685 | D:3      | Reached skill level 1 in Charms
  1685 | D:3      | Reached skill level 1 in Summonings
  1685 | D:3      | Reached skill level 1 in Necromancy
  1685 | D:3      | Reached skill level 1 in Translocations
  1685 | D:3      | Reached skill level 1 in Transmutations
  1685 | D:3      | Reached skill level 1 in Fire Magic
  1685 | D:3      | Reached skill level 1 in Ice Magic
  1685 | D:3      | Reached skill level 1 in Air Magic
  1685 | D:3      | Reached skill level 1 in Earth Magic
  1685 | D:3      | Reached skill level 1 in Poison Magic
  1685 | D:3      | Reached XP level 5. HP: 47/47 MP: 5/7
  1849 | D:3      | Slain by a gnoll

Vault maps used:
D:1:      dpeg_arrival_tiny_b, serial_forest, infiniplex_forest_end_double,
          infiniplex_forest_zigzag_2, infiniplex_forest_end_2,
          infiniplex_forest_straight_3, infiniplex_forest_clump_large,
          infiniplex_forest_clump_long, infiniplex_forest_corner_2,
          infiniplex_forest_clump_small, infiniplex_forest_clump_tiny,
          infiniplex_forest_clump_double
D:2:      first_bread

Skill      XL: |  1  2  3  4 |
---------------+-------------+-----
Invocations    | 1 |  1.7
Short Blades   | 1 |  1.5
Long Blades    | 1 |  1.5
Axes           | 1 |  1.5
Polearms       | 1 |  1.5
Staves         | 1 |  1.5
Slings         | 1 |  1.5
Bows           | 1 |  1.5
Crossbows      | 1 |  1.5
Throwing       | 1 |  1.5
Dodging        | 1 |  1.5
Stealth        | 1 |  1.5
Unarmed Combat | 1 |  1.5
Spellcasting   | 1 |  1.5
Evocations     | 1 |  1.5
Conjurations   | 1 |  1.2
Hexes          | 1 |  1.2
Charms         | 1 |  1.2
Summonings     | 1 |  1.2
Necromancy     | 1 |  1.2
Translocations | 1 |  1.2
Transmutations | 1 |  1.2
Fire Magic     | 1 |  1.2
Ice Magic      | 1 |  1.2
Air Magic      | 1 |  1.2
Earth Magic    | 1 |  1.2
Poison Magic   | 1 |  1.2
Fighting       | |  6.7
Maces & Flails | |  4.8
Armour         | |  6.7
Shields        | |  6.7

Action                   |  1- 3 |  4- 6 || total
-------------------------+-------+-------++-------
Melee: Flail             |    91 |    71 ||   162
       Bite              |     7 |     9 ||    16
  Eat: Chunk             |     1 |     2 ||     3
Armor: Scale mail        |    35 |    33 ||    68
Dodge: Dodged            |    31 |    33 ||    64
Block: Shield            |    46 |    56 ||   102

Table legend:
 A = Spawn XP
 B = Non-spawn XP
 C = Spawn XP percentage of total XP
 D = Spawn monster count
 E = Non-spawn monster count
 F = Spawn count percentage of total count
 G = Total turns spent on level
                    A         B        C        D         E        F      G
               +---------+---------+-------+---------+---------+-------+---------
         Total |       0 |     266 |   0.0 |       0 |      63 |   0.0 |  1849
               +---------+---------+-------+---------+---------+-------+---------
           D:1 |       0 |      44 |   0.0 |       0 |      26 |   0.0 |   919
           D:2 |       0 |      38 |   0.0 |       0 |      13 |   0.0 |   609
           D:3 |       0 |     184 |   0.0 |       0 |      24 |   0.0 |   321
               +---------+---------+-------+---------+---------+-------+---------
